 Dungeon Crawl Stone Soup version 0.22-a0-117-g314b907 (webtiles) character file.

13134 sankara the Covert (level 11, -4/81 HPs)
             Began as a Vampire Berserker on Jan 29, 2018.
             Was a High Priest of Trog.
             Killed from afar by an ice statue (22 damage)
             ... with a shard of ice
             ... in an ice cave.
             The game lasted 00:56:50 (12826 turns).

sankara the Covert (Vampire Berserker)             Turns: 12826, Time: 00:56:50

Health: -4/81      AC:  9    Str: 19    XL:     11   Next: 71%
Magic:  11/11      EV: 19    Int: 10    God:    Trog [*****.]
Gold:   548        SH:  6    Dex: 13    Spells: 10/10 levels left

rFire    + . .     SeeInvis +   D - +2 dagger (speed)
rCold    + . .     Gourm    .   (no shield)
rNeg     + + .     Faith    .   l - +0 robe
rPois    +         Spirit   .   i - +1 helmet
rElec    .         Reflect  +   (no cloak)
rCorr    .         Harm     .   y - +2 pair of gloves
MR       ++++.                  B - +1 pair of boots {Fly}
Stlth    +++++++...             q - +6 amulet of reflection
HPRegen  1.11/turn              A - ring of the Jester {rPois rF+ MR+ EV+3 Dex-4}
MPRegen  0.12/turn              v - +3 ring of strength

@: flying, regenerating, hasted, very quick
A: fangs 3, see invisible, unbreathing
a: Bat Form, Berserk, Trog's Hand, Brothers in Arms, Burn Spellbooks, Renounce
Religion, Stop Flying


You were in an ice cave.
You worshipped Trog.
Trog was extremely pleased with you.
You were near bloodless.

You visited 2 branches of the dungeon, and saw 13 of its levels.
You also visited: Ice Cave.

You collected 600 gold pieces.
You spent 52 gold pieces at shops.

Inventory:

Hand Weapons
 a - the +12 great sword of Heulehex {freeze, rElec MR- Int+3 Dex+3}
   (You found it on level 10 of the Dungeon)

   It has been specially enchanted to freeze those struck by it, causing extra
   injury to most foes and up to half again as much damage against particularly
   susceptible opponents.
   It can also slow down cold-blooded creatures.
   It affects your intelligence (+3).
   It affects your dexterity (+3).
   It insulates you from electricity.
   It affects your resistance to hostile enchantments.
 b - a +3 short sword of draining
 c - a +0 hunting sling
 o - a cursed -1 falchion
 r - a +0 scimitar
 D - a +2 dagger of speed (weapon)
Missiles
 g - 6 javelins
 h - 410 stones
 n - a throwing net
 p - 38 sling bullets
 w - 10 poisoned javelins
 z - 8 tomahawks (quivered)
 H - 34 poisoned needles
Armour
 i - a +1 helmet (worn)
 l - a +0 robe (worn)
 y - a +2 pair of gloves (worn)
 B - a +1 pair of boots of flying (worn)
Jewellery
 q - a +6 amulet of reflection (around neck)
 v - a +3 ring of strength (right hand)
 A - the ring of the Jester (left hand) {rPois rF+ MR+ EV+3 Dex-4}
   (You found it on level 7 of the Dungeon)

   [ring of evasion]

   It affects your evasion (+3).
   It affects your dexterity (-4).
   It protects you from fire.
   It protects you from poison.
   It affects your resistance to hostile enchantments.
Wands
 E - a wand of polymorph (25)
 F - a wand of flame (27)
 J - a wand of iceblast (20)
 K - a wand of enslavement (15)
Scrolls
 e - 5 scrolls of teleportation
 f - 8 scrolls of identify
 m - 3 scrolls of remove curse
 u - 2 scrolls of fog
 x - a scroll of immolation {unknown}
 C - 2 scrolls of blinking
 I - a scroll of magic mapping {unknown}
Potions
 d - 22 potions of blood
 j - 2 potions of flight
 k - a potion of heal wounds
 s - 6 potions of curing
 t - 2 potions of lignification
 G - 2 potions of haste


   Skills:
 + Level 6.2 Fighting
 + Level 10.3 Long Blades
 - Level 8.0 Throwing
 - Level 1.5 Armour
 + Level 7.0 Dodging
 + Level 14.6 Stealth


You had 10 spell levels left.
You didn't know any spells.

Dungeon Overview and Level Annotations

Branches:
Dungeon (12/15)            Temple (0/1) D:4            Lair (1/6) D:8
    Orc: D:9-12

Altars:
Fedhas
Gozag
Makhleb
Okawaru
Qazlal
Ru
Sif Muna
Trog
Vehumet
Wu Jian
Xom
The Shining One

Shops:
D:9 =   D:10 !

Annotations:
IceCv exclusion: 2 ice statues


Innate Abilities, Weirdness & Mutations

You heal slowly.
You have razor-sharp teeth.
You have supernaturally acute eyesight. (SInv)
You can survive without breathing.


Message History

You block the ice beast's attack.
You hit the ice statue but do no damage.
The ice statue is severely damaged.
You are engulfed in freezing vapours.
You resist.
* * * LOW HITPOINT WARNING * * *
The ice beast hits you but does no damage. x2
You block the ice beast's attack. The ice beast misses you.
The ice beast completely misses you.
You hit the ice statue.
The ice statue is severely damaged.
You are engulfed in freezing vapours.
You resist.
* * * LOW HITPOINT WARNING * * *
Your deep troll goes berserk!
You feel almost devoid of blood!
You are engulfed in freezing vapours.
You resist.
* * * LOW HITPOINT WARNING * * *
The ice beast completely misses you. The ice beast closely misses you.
The ice statue gestures at you. The shard of ice hits you!
You partially resist.
You die...

#####
#####...##
##........##
##..........
#..........##
........T.§.#
.......§YYY#
.......Y@Y#
#8#..§Y#8#
##..####
#..## ##..##
##..# ##...#
##...##
#...##


You could see 2 ice statues, 6 ice beasts and a friendly deep troll (berserk).

Vanquished Creatures
  4 two-headed ogres
  The ghost of ThereIsNoGod the Geomancer, a novice FoEE (D:6)
  An unseen horror (D:11)
  Pikel (D:6)
  A deep elf mage (D:12)
  A centaur zombie (D:11)
  Psyche (D:9)
  A gargoyle (D:11)
  A komodo dragon (D:8)
  The ghost of PeepumsNastygum the Skirmisher, an amateur DsWn of Fedhas (D:4)
  The ghost of Aviak the Digger, a novice VSEE (D:5)
  3 hippogriffs
  A water elemental (D:12)
  7 yaks
  Grum (D:10)
  3 hungry ghosts
  A basilisk (Lair:1)
  Edmund (D:6)
  2 sky beasts
  2 slaves
  3 orc warriors
  3 ice beasts
  A black bear (D:10)
  3 phantoms
  5 wolves
  8 ogres
  6 centaurs
  4 bullfrogs
  3 scorpions
  3 killer bees (D:11)
  2 electric eels
  A howler monkey (D:6)
  A crimson imp (D:10)
  A quasit (D:10)
  6 orc wizards
  3 jellies
  4 orc priests
  7 hounds
  2 bullfrog skeletons
  3 iguanas
  Terence (D:2)
  7 worker ants
  2 killer bee zombies (D:8)
  2 worker ant zombies
  7 adders
  6 gnolls (D:7)
  A howler monkey skeleton (D:9)
  2 shadow imps
  18 white imps
  4 ufetubi (IceCv)
  An ooze (D:2)
  An adder zombie (D:7)
  4 worms
  A dart slug (D:5)
  2 leopard geckos
  27 orcs
  5 giant cockroaches
  6 goblins
  7 hobgoblins
  14 jackals
  3 quokkas
  A ball python (D:6)
  4 bats
  5 frilled lizards
  6 kobolds
  A leopard gecko skeleton (D:7)
  6 rats
248 creatures vanquished.

Vanquished Creatures (others)
  2 ufetubi (IceCv)
  2 plants (D:8)
4 creatures vanquished.

Grand Total: 252 creatures vanquished

Notes
Turn   | Place    | Note
-------+----------+-------------------------------------------
     0 | D:1      | sankara the Vampire Berserker began the quest for the Orb.
     0 | D:1      | Reached XP level 1. HP: 17/17 MP: 1/1
   153 | D:1      | Reached skill level 1 in Stealth
   273 | D:1      | Reached XP level 2. HP: 23/23 MP: 2/2
   547 | D:1      | Reached skill level 2 in Stealth
  1123 | D:2      | Reached XP level 3. HP: 12/28 MP: 3/3
  1728 | D:2      | Reached skill level 1 in Throwing
  1728 | D:2      | Reached skill level 3 in Stealth
  2053 | D:2      | Noticed Terence
  2063 | D:2      | Killed Terence
  2063 | D:2      | Reached XP level 4. HP: 34/34 MP: 4/4
  2699 | D:3      | Found an opulent altar of Gozag.
  2770 | D:3      | Reached skill level 4 in Stealth
  3121 | D:4      | Noticed PeepumsNastygum's ghost (amateur DsWn)
  3135 | D:4      | Killed PeepumsNastygum's ghost
  3135 | D:4      | Reached skill level 6 in Stealth
  3135 | D:4      | Reached XP level 5. HP: 39/39 MP: 5/5
  3135 | D:4      | Reached XP level 6. HP: 46/46 MP: 6/6
  3376 | D:4      | Reached skill level 5 in Long Blades
  4282 | D:4      | Found a staircase to the Ecumenical Temple.
  4354 | D:5      | Entered Level 5 of the Dungeon
  4374 | D:5      | Found a deep blue altar of Sif Muna.
  4375 | D:5      | Noticed Aviak's ghost (novice VSEE)
  4376 | D:5      | Found a glowing golden altar of the Shining One.
  4390 | D:5      | Killed Aviak's ghost
  4390 | D:5      | Reached skill level 7 in Stealth
  4390 | D:5      | Reached XP level 7. HP: 51/51 MP: 7/7
  4930 | D:5      | Found a radiant altar of Vehumet.
  5115 | D:6      | Noticed Pikel
  5115 | D:6      | Noticed Edmund
  5235 | D:6      | Killed Edmund
  5235 | D:6      | Reached skill level 8 in Stealth
  5239 | D:6      | Killed Pikel
  5239 | D:6      | Reached skill level 9 in Stealth
  5239 | D:6      | Reached XP level 8. HP: 57/57 MP: 8/8
  5298 | D:6      | Reached ** piety under Trog
  5298 | D:6      | Reached skill level 10 in Stealth
  5649 | D:6      | Found a bloodstained altar of Trog.
  5805 | D:6      | Noticed ThereIsNoGod's ghost (novice FoEE)
  5826 | D:6      | Killed ThereIsNoGod's ghost
  5826 | D:6      | Reached skill level 11 in Stealth
  5826 | D:6      | Reached XP level 9. HP: 62/62 MP: 9/9
  6266 | D:7      | Noticed a two-headed ogre
  6284 | D:7      | Reached skill level 12 in Stealth
  6293 | D:7      | Killed a two-headed ogre
  6293 | D:7      | Reached skill level 5 in Throwing
  6508 | D:7      | Got a smoking ivory ring
  6521 | D:7      | Identified the ring of the Jester {rPois rF+ MR+ EV+3 Dex-4} (You found it on level 7 of the Dungeon)
  6697 | D:7      | Found a blossoming altar of Fedhas.
  7244 | D:7      | Reached XP level 10. HP: 68/68 MP: 10/10
  7868 | D:8      | Reached *** piety under Trog
  7894 | D:8      | Found a shimmering altar of Xom.
  7906 | D:8      | Found a sacrificial altar of Ru.
  8008 | D:8      | Found a burning altar of Makhleb.
  8104 | D:8      | Found a staircase to the Lair.
  8540 | Lair:1   | Entered Level 1 of the Lair of Beasts
  8832 | D:9      | Found an ornate altar of the Wu Jian Council.
  9111 | D:9      | Noticed a two-headed ogre
  9118 | D:9      | Killed a two-headed ogre
  9143 | D:9      | Found a stormy altar of Qazlal.
  9146 | D:9      | Noticed Grum
  9390 | D:9      | Found an iron altar of Okawaru.
  9563 | D:9      | Found Heda Ont's Jewellery Shop.
  9644 | D:9      | Noticed Psyche
  9651 | D:9      | Killed Psyche
  9651 | D:9      | Reached skill level 13 in Stealth
  9715 | D:10     | Entered Level 10 of the Dungeon
  9744 | D:10     | Reached skill level 5 in Dodging
  9746 | D:10     | Reached **** piety under Trog
  9806 | D:10     | Noticed a two-headed ogre
  9808 | D:10     | Got a translucent great sword
  9809 | D:10     | Identified the +12 great sword of Heulehex {freeze, rElec MR- Int+3 Dex+3} (You found it on level 10 of the Dungeon)
  9819 | D:10     | Killed a two-headed ogre
  9819 | D:10     | Reached XP level 11. HP: 78/78 MP: 11/11
  9850 | D:10     | Noticed a two-headed ogre
  9877 | D:10     | Killed a two-headed ogre
  9877 | D:10     | Reached skill level 5 in Fighting
 10310 | D:10     | Found Midghes's Distillery.
 10326 | D:10     | Bought a potion of curing for 39 gold pieces
 10326 | D:10     | Bought a potion of degeneration for 13 gold pieces
 10582 | D:10     | Killed Grum
 10818 | D:10     | Received a gift from Trog
 11070 | D:11     | Noticed an unseen horror
 11088 | D:11     | Killed an unseen horror
 11088 | D:11     | Reached skill level 10 in Long Blades
 11088 | D:11     | Reached skill level 14 in Stealth
 11437 | D:11     | Received a gift from Trog
 12030 | D:12     | Noticed a deep elf mage
 12049 | D:12     | Killed a deep elf mage
 12252 | D:12     | Reached ***** piety under Trog
 12285 | D:12     | Found a frozen archway.
 12413 | IceCv    | Entered an ice cave
 12826 | IceCv    | Killed from afar by an ice statue

Vault maps used:
D:1:      dpeg_arrival_prison, kennysheep_crisscross, supply_closet_lemuel
D:2:      uniq_terence
D:3:      grunt_gozag_breadcrumbs
D:4:      temple_hall, first_ration
D:5:      chequers_temple_overflow_statue_of_worship, kennysheep_mini
D:6:      bloody_trog, cheibrodos_sewer_entry_bend, palyth_stone_intersect,
          uniq_pikel, uniq_edmund
D:7:      nicolae_overflow_hidden_temple, grunt_ogre_cave
D:8:      lemuel_round_altar, xom_teletrap_fun, david_lair_shrubbed,
          nicolae_ru_great_annihilating_truth
D:9:      grunt_qazlal_sundering, old_standard_altar, lemuel_round_altar,
          serial_shops, shop, minivault_24, uniq_grum, uniq_psyche
D:10:     serial_shops, shop_fountains, minivault_5
D:12:     serial_ice, serial_ice_d, serial_ice_l, serial_ice_o, serial_ice_g,
          portal_ice_cave_entry_imps, okawaru_humans, uniq_erolcha
IceCv:    ice_cave_small_demon

Skill      XL: |  1  2  3  4  5  6  7  8  9 10 11 |
---------------+----------------------------------+-----
Stealth        | 1 2 3 6 7 9 11 12 13 14 | 14.6
Throwing       | 1 2 3 4 6 8 |  8.0
Long Blades    | 4 5 6 8 9 10 | 10.3
Fighting       | 4 6 |  6.2
Dodging        | 5 7 |  7.0
Armour         | |  1.5

Action                   |  1- 3 |  4- 6 |  7- 9 | 10-12 || total
-------------------------+-------+-------+-------+-------++-------
Melee: Falchion          |    84 |    21 |       |       ||   105
       Dagger            |     4 |    10 |       |    23 ||    37
       Bite              |     3 |     8 |    23 |    78 ||   112
       Short sword       |       |    31 |   226 |   607 ||   864
       Great sword       |       |       |       |    25 ||    25
Throw: Tomahawk          |       |       |       |     6 ||     6
Invok: Berserk           |     2 |     2 |     6 |     4 ||    14
       Burn Spellbooks   |       |       |     1 |     1 ||     2
       Trog's Hand       |       |       |     2 |     4 ||     6
       Brothers in Arms  |       |       |       |     1 ||     1
  Use: Potion            |     4 |     6 |    17 |    25 ||    52
       Scroll            |       |    11 |     2 |     1 ||    14
 Stab: Sleeping          |     6 |     8 |     8 |    36 ||    58
       Distracted        |       |       |     1 |     1 ||     2
Armor: Animal skin       |     9 |       |       |       ||     9
       Robe              |    13 |    12 |    47 |   112 ||   184
Dodge: Dodged            |    42 |    28 |   108 |   406 ||   584
Block: Other             |       |       |       |    55 ||    55
       Reflection        |       |       |       |     5 ||     5
       Rpst.: Falchion   |    16 |     4 |       |       ||    20
       Great sword       |       |       |       |     4 ||     4

Table legend:
 A = Spawn XP
 B = Non-spawn XP
 C = Spawn XP percentage of total XP
 D = Spawn monster count
 E = Non-spawn monster count
 F = Spawn count percentage of total count
 G = Total turns spent on level
                    A         B        C        D         E        F      G
               +---------+---------+-------+---------+---------+-------+---------
         Total |       0 |   18764 |   0.0 |       0 |     246 |   0.0 | 12826
               +---------+---------+-------+---------+---------+-------+---------
           D:1 |       0 |      35 |   0.0 |       0 |      22 |   0.0 |  1074
           D:2 |       0 |      85 |   0.0 |       0 |      11 |   0.0 |  1405
           D:3 |       0 |      33 |   0.0 |       0 |      11 |   0.0 |   784
           D:4 |       0 |     339 |   0.0 |       0 |       4 |   0.0 |  1091
           D:5 |       0 |     398 |   0.0 |       0 |       9 |   0.0 |   838
           D:6 |       0 |    2288 |   0.0 |       0 |      23 |   0.0 |  1315
           D:7 |       0 |    2641 |   0.0 |       0 |      30 |   0.0 |  1263
           D:8 |       0 |     851 |   0.0 |       0 |      22 |   0.0 |   901
           D:9 |       0 |    2341 |   0.0 |       0 |      16 |   0.0 |  1022
          D:10 |       0 |    4781 |   0.0 |       0 |      30 |   0.0 |  1266
          D:11 |       0 |    2680 |   0.0 |       0 |      31 |   0.0 |   945
          D:12 |       0 |    2010 |   0.0 |       0 |      26 |   0.0 |   487
        Lair:1 |       0 |     187 |   0.0 |       0 |       1 |   0.0 |    22
         IceCv |       0 |      95 |   0.0 |       0 |      10 |   0.0 |   413
               +---------+---------+-------+---------+---------+-------+---------
